[Event "13th Palmanova Festival A 2024"]
[Site "Palmanova"]
[Date "2025.01.02"]
[Round "8.1"]
[White "Martinovici, Ilia"]
[Black "Dobrovoljc, Vid"]
[Result "0-1"]
[ECO "D85"]
[WhiteElo "2473"]
[BlackElo "2365"]
[Annotator "TA"]
[PlyCount "54"]
[EventDate "2024.12.27"]
[EventCountry "ITA"]
[SourceTitle "playchess.com"]
[Source "ChessBase"]
[SourceQuality "1"]
[TimeControl "6000+30"]

1. d4 Nf6 2. c4 g6 3. Nc3 d5 4. cxd5 Nxd5 5. e4 Nxc3 6. bxc3 Bg7 7. Nf3 c5 8. Bb5+ Nc6 9. Ne5 (9. dxc5 Bxc3+ 10. Bd2 Bxa1 11. Qxa1 f6 $15) (9. Bxc6+ $11 bxc6 10. Qa4) 9... Qa5 (9... O-O $1 $15 10. Bxc6 (10. Nxc6 bxc6 11. Bxc6 Rb8 $17) 10... bxc6) 10. Qb3 (10. Bxc6+ $11 bxc6 11. O-O) 10... O-O $1 $17 11. Bxc6 {[%emt 0:17:29] [#]} (11. Nxc6 $15 bxc6 12. Bxc6) 11... cxd4 $1 12. Nxf7 (12. Bxb7 $2 Bxb7 (12... Qxc3+ $2 13. Qxc3 dxc3 14. Bxa8 $18) 13. O-O Ba6 (13... Bxe4 14. cxd4 Rad8 15. Bb2 $17) (13... Qxc3 $2 14. Bf4 $19) (13... Bxe5 $2 14. Qxb7 dxc3 15. Bh6 $19) (13... dxc3 14. Nxf7 Rxf7 15. Qxb7 $17) 14. cxd4 Bxf1 $19 (14... Bxe5 $2 15. dxe5 Bxf1 16. e6 $19)) 12... Rxf7 (12... bxc6 13. Nh6+ Kh8 14. Qg8+ Rxg8 15. Nf7#) 13. Be8 {[%emt 0:01:59] [#]} Be6 $1 14. Qa3 Qxc3+ 15. Qxc3 dxc3 16. Bxf7+ Bxf7 (16... Kxf7 $142 17. Be3 Rc8) 17. Be3 Rc8 {[%emt 0:02:33] Black is more active.} (17... a5 $17 {White must now prevent ...b5.} 18. Rb1 Rb8) 18. O-O-O $1 $15 b5 {[%emt 0:06:30][%cal Bb7b5,Bb5b4][%mdl 1056] Black has compensation.} 19. Rd7 a5 20. Kc2 $1 b4 $36 {[%emt 0:06:42][%mdl 2048] White is under pressure.} 21. Ra1 $1 Rb8 ({Better is} 21... Be8 $15 22. Rd5 (22. Rxe7 Ba4+ 23. Kd3 c2 $17) 22... Bc6 23. Rxa5 Bxe4+ 24. Kb3 Bxg2) 22. f4 $2 {[%emt 0:04:25][%mdl 8192] [#]} (22. Ba7 $11 Rc8 23. Be3) 22... Bxa2 $1 $19 23. Rxa2 {[%emt 0:01:30][%cal Oc2b3] And now Kb3! would win.} (23. e5 b3+) 23... b3+ 24. Kb1 bxa2+ 25. Kxa2 Rb2+ 26. Ka3 Re2 27. Rd3 (27. Bd4 $142 Bxd4 (27... Rxe4 $2 28. Bxg7 Kxg7 29. Kb3 $19) 28. Rxd4) 27... c2 0-1

[Event "13th Palmanova Festival A 2024"]
[Site "Palmanova"]
[Date "2025.01.02"]
[Round "8.2"]
[White "Zamengo, Fulvio"]
[Black "Lumachi, Gabriele"]
[Result "1/2-1/2"]
[ECO "C24"]
[WhiteElo "2348"]
[BlackElo "2438"]
[Annotator "TA"]
[PlyCount "67"]
[EventDate "2024.12.27"]
[EventCountry "ITA"]
[SourceTitle "playchess.com"]
[Source "ChessBase"]
[SourceQuality "1"]
[TimeControl "6000+30"]

1. e4 e5 2. Bc4 Nf6 3. d3 c6 4. Nf3 d5 5. Bb3 a5 {[%emt 1:42:06] Hoping for ...a4.} 6. a4 Bb4+ 7. c3 Bd6 8. O-O O-O 9. Bg5 Be6 10. Nbd2 Nbd7 11. Re1 Qc7 12. h3 h6 13. Bh4 Rae8 14. Bg3 g6 15. d4 dxe4 16. Bxe6 exf3 17. Bxd7 Nxd7 18. Nxf3 e4 19. Bxd6 Qxd6 20. Nd2 Qd5 21. c4 Qxd4 22. Nxe4 $1 Rxe4 23. Rxe4 Qxe4 24. Qxd7 Qxc4 25. Qxb7 $11 {[%emt 0:00:08][%mdl 4096] Endgame KQR-KQR} Re8 26. Qb6 Re2 27. Qxa5 Qd4 {[%emt 0:00:00] Inhibits Qb6.} 28. Qa8+ Kg7 29. Qxc6 {[%emt 0:00:09] And now Qc3 would win.} Qxb2 30. Rf1 Qb4 {[%emt 0:00:00] Against Qc4} 31. f4 Qd4+ 32. Kh1 Ra2 33. f5 gxf5 34. Qf3 1/2-1/2

[Event "13th Palmanova Festival A 2024"]
[Site "Palmanova"]
[Date "2025.01.02"]
[Round "8.3"]
[White "Di Benedetto, Edoardo"]
[Black "Bettalli, Francesco"]
[Result "0-1"]
[ECO "D79"]
[WhiteElo "2411"]
[BlackElo "2359"]
[Annotator "TA"]
[PlyCount "78"]
[EventDate "2024.12.27"]
[EventCountry "ITA"]
[SourceTitle "playchess.com"]
[Source "ChessBase"]
[SourceQuality "1"]
[TimeControl "6000+30"]

1. Nf3 g6 2. d4 Nf6 3. g3 Bg7 4. Bg2 O-O 5. O-O d5 6. c4 c6 7. cxd5 cxd5 8. Nc3 Ne4 9. Ne5 Nxc3 10. bxc3 Qa5 11. Qb3 Nc6 12. Bxd5 Nxe5 {[%emt 0:00:39] White has an edge.} 13. dxe5 Bh3 14. Rd1 (14. e6 $5) 14... e6 15. Bf3 Bxe5 16. Bh6 Rfd8 17. Qxb7 (17. Bg5 {simplifies} Re8 18. Be3 Bxc3 19. Rac1) 17... Rab8 18. Qe7 {[%emt 0:01:15] Strongly threatening Qh4.} Bxc3 19. Rac1 Rxd1+ 20. Rxd1 {[%emt 0:00:07] Black must now prevent Qh4.} Bd2 $2 21. e3 $1 $18 (21. Bxd2 Qxd2 22. e3 Qa5 $11 (22... Qxa2 $2 23. Qh4 $16)) 21... Bf5 22. Kg2 $1 Bd3 23. Bf4 Rc8 24. Qb7 ({White should try} 24. Qd7 $18 Rd8 25. Qb7) 24... Ba6 $16 25. Qd7 (25. Qxa7 $2 Bf1+ (25... Qxa2 26. Qb6 $14) 26. Kxf1 Qxa7 $19) 25... Bc3 26. Bb7 (26. Qxa7 $2 Bf1+ (26... Qxa2 27. Qe7 $11) 27. Rxf1 Qxa7 $19) 26... Bxb7+ 27. Qxb7 Rf8 {[%emt 0:01:14] [#]} (27... Qc5 {was worth a try.} 28. Rd7 Qc6+ 29. Qxc6 Rxc6) 28. Rd7 $2 (28. Bd6 $1 $18 {[%cal Rd6f8] and the rest is easy.} Bg7 29. Bxf8 Bxf8 30. Rd7 Qxa2 31. Rxf7 (31. Qxa7 Qxa7 32. Rxa7 Kg7 $18)) 28... Qf5 $2 {[%emt 0:03:31] [#]} (28... Be5 $16) 29. e4 $1 $18 (29. Qxa7 Qe4+ 30. Kh3 Qf3 $11) 29... Qf6 30. Qxa7 (30. Bd6 $18 {and White stays clearly on top.} Be1 31. Qxa7) 30... g5 $16 31. Bc1 g4 32. Qe3 {[%emt 0:00:33] Repels Qf3+} Ra8 33. Qe2 h5 34. Bf4 e5 35. Be3 Ra4 36. Bd2 (36. Kg1 $11) 36... Rxa2 $17 37. Kf1 $2 (37. Bg5 $17 Rxe2 38. Bxf6) 37... Bd4 $19 {[%emt 0:04:01] Threatens to win with ...Qb6.} 38. Rc7 {[%emt 0:00:12] [#]} Bxf2 $1 {[%emt 0:02:47][%mdl 512] ( -> ...Bc5+)} 39. Bg5 $2 (39. Rc8+ Kh7 40. Qxf2 Qxf2+ 41. Kxf2 Rxd2+ 42. Kg1) (39. Qxf2 Qxf2+) 39... Ra1+ {[%emt 0:00:29] Weighted Error Value: White=0.52/Black=0.29 (precise) .  Loses game:     	White=1     	Black=2      Missed win:     	White=2     	---        Mistake:       	White=3     	Black=1      Inaccurate:     	White=3     	Black=1      OK:         	White=5     	Black=16     Best:        	---       	Black=5      Strong:       	White=3     	---        Brilliant:      	---       	Black=1} (39... Qxg5 $2 {perishes.} 40. Qxa2 Qg6 41. Qxf2 $18 (41. Kxf2 Qb6+ 42. Ke2 Qxc7 $17)) (39... Rxe2 40. Rc8+ (40. Bxf6 Ra2 $11) 40... Kh7 41. Bxf6 $11) 0-1

[Event "13th Palmanova Festival A 2024"]
[Site "Palmanova"]
[Date "2025.01.02"]
[Round "8.4"]
[White "Pegno, Mattia"]
[Black "Hovhannisyan, Mher"]
[Result "0-1"]
[ECO "D30"]
[WhiteElo "2243"]
[BlackElo "2397"]
[Annotator "RC"]
[PlyCount "108"]
[EventDate "2024.12.27"]
[EventCountry "ITA"]
[SourceTitle "playchess.com"]
[Source "ChessBase"]
[SourceQuality "1"]
[TimeControl "6000+30"]

1. d4 d5 2. c4 e6 3. Nf3 c5 4. cxd5 exd5 5. Bg5 f6 6. Bf4 Nc6 7. dxc5 Bxc5 8. e3 Nge7 9. Nc3 O-O 10. Bd3 Kh8 11. O-O Bg4 12. Rc1 d4 13. Nb5 Bb6 14. h3 Bxf3 15. Qxf3 dxe3 16. Rfd1 exf2+ 17. Kf1 Qd5 18. Qe2 Nf5 19. Bc4 Qc5 20. Bd3 Ne3+ 21. Bxe3 Qxe3 22. Qh5 Qh6 23. Qxh6 gxh6 24. Be4 Rae8 25. Nd6 Re7 26. Bxc6 bxc6 27. Nc4 Bc5 28. a3 a6 29. b4 Ba7 30. Na5 Rc8 31. Nxc6 Rec7 32. Rd6 Be3 33. Rc2 Kg7 34. a4 f5 35. g3 Re8 36. Re2 Re4 37. b5 axb5 38. axb5 Bc5 39. Rd1 Rxe2 40. Kxe2 Rb7 41. Rb1 Bb6 42. Rd1 Rc7 43. Ne5 Rc2+ 44. Kf1 Bc7 45. Nd3 Bxg3 46. Rb1 Rd2 47. Nb4 Bc7 48. Nc6 Bb6 49. Ne5 Rd4 50. Rc1 Rb4 51. Nd7 Be3 52. Rd1 Rxb5 53. Ke2 f4 54. Kf3 Rd5 0-1

[Event "13th Palmanova Festival A 2024"]
[Site "Palmanova"]
[Date "2025.01.02"]
[Round "8.5"]
[White "Domalchuk-Jonasson, Aleksandr"]
[Black "Skrbec, Leon"]
[Result "1-0"]
[ECO "E17"]
[WhiteElo "2377"]
[BlackElo "2265"]
[Annotator "TA"]
[PlyCount "79"]
[EventDate "2024.12.27"]
[EventCountry "ITA"]
[SourceTitle "playchess.com"]
[Source "ChessBase"]
[SourceQuality "1"]
[TimeControl "6000+30"]

1. d4 Nf6 2. c4 e6 3. Nf3 b6 4. g3 Bb7 5. Bg2 Be7 6. O-O O-O 7. h4 d5 8. cxd5 exd5 9. Nc3 {[%emt 0:00:08] The position is equal.} Nbd7 10. Bf4 Nh5 11. Be3 c6 12. Qc2 Re8 13. Rad1 Nhf6 14. Bf4 Bf8 15. Rfe1 h6 16. Nh2 b5 17. Nf1 Qb6 18. e3 Nh5 19. Bf3 (19. Bh3 $11 Bc8 20. Ne2) 19... Nxf4 $15 20. gxf4 Qd8 21. h5 $1 Nb6 22. Ng3 Qf6 23. Nce2 Nc4 24. Nc1 a5 25. Nd3 a4 26. Kg2 Ra6 27. b3 axb3 28. axb3 Na3 29. Qd2 Bc8 30. Rc1 b4 31. Be2 Rb6 {[%emt 0:00:14] [#]} 32. Ne5 $1 Qd6 33. Bd3 {[%emt 0:01:52] White is more active.} Ba6 $2 {[%emt 0:02:47] [#] Loses the game.} (33... Qf6 $16 {is a better defense.}) 34. Nxf7 $1 $18 {[%emt 0:00:28][%mdl 512] A dynamic duo of knights.} Qf6 35. Bg6 Ra8 $2 (35... Re7) 36. Ne5 Ra7 37. Bf5 Qd6 $2 (37... Nb5 38. Bb1 (38. Nd7 Rxd7 39. Bxd7 Nc3 $18) 38... Na3) 38. Qd1 {[%emt 0:01:23] White is clearly winning.} Bb5 39. Qg4 Re7 {[%emt 0:00:28] Against Be6+} 40. Bg6 {[%emt 0:01:47] Weighted Error Value: White=0.16 (very precise) /Black=0.43.  Loses game:     	---       	Black=1      Mistake:       	White=1     	Black=2      Inaccurate:     	White=4     	Black=7      OK:         	White=13    	Black=7      Best:        	White=1     	Black=1      Strong:       	White=2     	---        Brilliant:      	White=1     	---} 1-0

[Event "13th Palmanova Festival A 2024"]
[Site "Palmanova"]
[Date "2025.01.02"]
[Round "8.6"]
[White "Reza, Wojciech"]
[Black "Savanovic, Aleksandar"]
[Result "1-0"]
[ECO "C58"]
[WhiteElo "2227"]
[BlackElo "2354"]
[Annotator "TA"]
[PlyCount "83"]
[EventDate "2024.12.27"]
[EventCountry "ITA"]
[SourceTitle "playchess.com"]
[Source "ChessBase"]
[SourceQuality "1"]
[TimeControl "6000+30"]

1. e4 e5 2. Nf3 Nc6 3. Bc4 Nf6 4. Ng5 d5 5. exd5 Na5 6. Bb5+ c6 7. dxc6 bxc6 8. Qf3 Be7 9. Bd3 O-O 10. Bf5 (10. Nc3 $14) 10... Bxf5 11. Qxf5 g6 12. Qf3 Nd5 13. Nh3 f5 14. d4 exd4 {[%emt 0:09:56] And now ...Bb4+ would win.} 15. O-O Bf6 16. Nd2 {[%emt 0:08:21] Prevents Nc4} Re8 17. Nb3 Nc4 18. Qd3 Ne5 19. Qd1 $1 Qb6 20. Nf4 $1 Nxf4 21. Bxf4 Nc4 22. Rb1 Re4 23. Nd2 Nxd2 24. Bxd2 Qa6 25. b3 Rae8 26. Qf3 Qxa2 $2 (26... c5 $11) 27. Qd3 $18 {[%emt 0:00:24] And now Ra1 would win.} Qa3 28. Qc4+ Kh8 29. Bb4 $1 (29. Qxc6 R4e6 30. Qf3 a6 $11) 29... Qa2 30. Ra1 $1 (30. Qxc6 R4e6 31. Qc7 Qa6 $11) 30... Qb2 31. Rxa7 R4e6 32. Qd3 ({Better is} 32. Ra6 $18 d3 33. Rxc6 (33. Qxd3 Qd4 $18) 33... Rxc6 34. Qxc6) 32... Re2 {[%emt 0:01:52] [#]} (32... c5 $16 33. Bd2 (33. Bxc5 Re1 $16) 33... R6e7) 33. Bd2 $1 c5 34. g3 Bg7 $2 {[%emt 0:01:45] Wards off Bh6} (34... R2e6 $18 35. Kg2 R6e7) 35. Raa1 (35. Qxe2 $142 Rb8 36. Rxg7 d3 37. Qxd3 (37. cxd3 Qxg7 38. Bf4 Qf8 $18) 37... Qxg7 38. Bc3 Kg8 39. Bxg7 Kxg7 40. Qc3+ Kh6 41. Qe3+ (41. Qxc5 Re8 $18) 41... g5 42. Qxc5 (42. Qe6+ Kh5 43. Qf7+ Kh6 44. f4 gxf4 45. Qf6+ Kh5 46. Rxf4 Rb4 47. g4+ fxg4 48. Rf5#)) 35... c4 {[%emt 0:00:07] [#]} 36. bxc4 $2 $40 {[%emt 0:00:05][%mdl 128] White is out for blood.} (36. Qxc4 $2 Rxd2 37. Qc6 Rf8 $19 (37... Rxc2 38. Qxe8+)) (36. Qxe2 $1 $18 Rxe2 37. Ra8+ Bf8 38. Bh6 (38. Rxf8+ $2 Kg7 $19)) 36... Qb7 $16 37. Rfe1 R2e4 38. f3 Re3 $2 39. Bxe3 $18 dxe3 40. Ra3 (40. Rxe3 Qb6 41. Rd1 Bh6 (41... Qxe3+ 42. Qxe3 Rxe3 43. Rd8+ $11) 42. Qc3+ Kg8 $15) 40... Qxf3 (40... Bf8 {was worth a try.} 41. Qd4+ (41. Rxe3 $2 {too greedy.} Bc5 $19) 41... Qg7 42. Qxg7+ (42. Raxe3 $2 Qxd4 43. c3 Qb6 $19) 42... Kxg7) 41. Rxe3 Rxe3 42. Qd8+ 1-0

[Event "13th Palmanova Festival A 2024"]
[Site "Palmanova"]
[Date "2025.01.02"]
[Round "8.7"]
[White "Cina`, Vittorio"]
[Black "Weidenhoefer, Max"]
[Result "1-0"]
[ECO "E18"]
[WhiteElo "2325"]
[BlackElo "1987"]
[Annotator "TA"]
[PlyCount "55"]
[EventDate "2024.12.27"]
[EventCountry "ITA"]
[SourceTitle "playchess.com"]
[Source "ChessBase"]
[SourceQuality "1"]
[TimeControl "6000+30"]

1. d4 Nf6 2. c4 b6 3. Nf3 Bb7 4. g3 e6 5. Bg2 Be7 6. O-O d5 7. Ne5 O-O 8. Nc3 Nbd7 9. Bf4 Rc8 10. Qa4 Nxe5 ({Better is} 10... c5 $14) 11. dxe5 $16 (11. Bxe5 $6 a6 $14) 11... Nh5 (11... Ne4 $16 {was called for.}) 12. Be3 $18 (12. Qxa7 Bc6 13. Nb5 (13. cxd5 $2 Ra8 $19) 13... Nxf4 14. gxf4 Bd7 $14) 12... g6 13. Rfd1 (13. Qxa7 Bc6 14. Nb5 (14. cxd5 Ra8 $17) 14... Ng7 $14) 13... c6 14. Qxa7 Rb8 15. Bxb6 Qc8 {[%emt 0:00:41] Strongly threatening ...Ra8.} 16. Bc5 Bxc5 17. Qxc5 Ba6 18. b3 Ng7 19. Rd2 Qb7 20. Rad1 Qb4 21. Qxb4 ({Not} 21. Qxc6 Bb7 22. Nxd5 exd5 $16) 21... Rxb4 22. Na4 Ra8 23. Nc5 Ne8 24. cxd5 cxd5 25. e4 dxe4 (25... Nc7 $142 26. exd5 exd5 27. Bxd5 Nxd5 28. Rxd5 Kg7) 26. Bxe4 Ra7 27. Rd8 Bb5 28. a4 1-0

[Event "13th Palmanova Festival A 2024"]
[Site "Palmanova"]
[Date "2025.01.02"]
[Round "8.8"]
[White "Maglioni, Leonardo"]
[Black "Kalosha, Zhiulien Oleksii"]
[Result "0-1"]
[ECO "D35"]
[WhiteElo "1971"]
[BlackElo "2306"]
[Annotator "TA"]
[PlyCount "74"]
[EventDate "2024.12.27"]
[EventCountry "ITA"]
[SourceTitle "playchess.com"]
[Source "ChessBase"]
[SourceQuality "1"]
[TimeControl "6000+30"]

1. d4 d5 2. c4 e6 3. Nf3 Nf6 4. cxd5 exd5 5. Nc3 c6 6. Bf4 Bd6 7. Bxd6 Qxd6 8. e3 Bf5 9. Bd3 Bxd3 10. Qxd3 Nbd7 11. O-O O-O 12. Rfc1 a5 13. Rab1 h6 14. Nh4 Rfe8 15. Nf5 Qe6 16. Ng3 g6 17. Rc2 Kg7 18. Re1 h5 19. h3 h4 20. Nf1 Qd6 21. f3 Rad8 22. Rd2 Nh5 23. Qe2 Nf8 24. Qf2 Qf6 25. e4 dxe4 26. fxe4 Qxf2+ 27. Kxf2 Ne6 28. Red1 Ng5 29. Re1 Nf4 30. Nh2 {[%emt 0:04:12] [#]} (30. e5 $15) 30... Nfe6 $1 $17 {[%emt 0:01:26][%cal Bf4e6,Be6c5,Bc5e4,Be4d6,Bd6c4][%mdl 32] Black has more active pieces.} 31. Red1 {[%emt 0:00:35] [#]} ({White should play} 31. d5) 31... b5 $1 {[%emt 0:00:58] And now ...b4 would win.} 32. d5 (32. Ke3 $17 {was worth a try.}) 32... Nc5 $19 33. Kg1 b4 (33... Ncxe4 34. Nxe4 Nxe4 35. Rd3 $17) (33... Ngxe4 34. Rc2 $17) 34. Ne2 Ncxe4 ({Less strong is} 34... Rxe4 35. dxc6 Rc8 (35... Rxd2 36. Rxd2 Rc4 37. b3 $18) 36. Nf3 $15) ({But not} 34... Ngxe4 35. Rd4 $19) 35. Rd4 (35. Rc2 $142) 35... c5 36. R4d3 Nd6 37. R3d2 (37. Re1 $142) 37... Nc4 0-1

[Event "13th Palmanova Festival A 2024"]
[Site "Palmanova"]
[Date "2025.01.02"]
[Round "8.9"]
[White "Knudsen, Simon"]
[Black "Adharsh K"]
[Result "1-0"]
[ECO "B30"]
[WhiteElo "2303"]
[BlackElo "2235"]
[Annotator "TA"]
[PlyCount "24"]
[EventDate "2024.12.27"]
[EventCountry "ITA"]
[SourceTitle "playchess.com"]
[Source "ChessBase"]
[SourceQuality "1"]
[TimeControl "6000+30"]

1. e4 c5 2. Nf3 Nc6 3. Bb5 e6 4. O-O Nge7 5. d4 cxd4 6. Nxd4 Ng6 7. Be2 Be7 8. c4 O-O 9. Nc3 a6 (9... Nxd4 $11 10. Qxd4 b6) 10. Be3 $14 d6 11. Qd2 Bd7 12. Rad1 {[%emt 0:00:06] White is more active.} (12. Nb3 $16) 12... Rc8 ({Better is} 12... Nxd4 $14 13. Bxd4 (13. Qxd4 Bc6 $14) 13... b5) 1-0

[Event "13th Palmanova Festival A 2024"]
[Site "Palmanova"]
[Date "2025.01.02"]
[Round "8.10"]
[White "Stankovic, Milos"]
[Black "Zoncu, Roberto Alessio"]
[Result "1-0"]
[ECO "C02"]
[WhiteElo "2462"]
[BlackElo "2165"]
[Annotator "TA"]
[PlyCount "124"]
[EventDate "2024.12.27"]
[EventCountry "ITA"]
[SourceTitle "playchess.com"]
[Source "ChessBase"]
[SourceQuality "1"]
[TimeControl "6000+30"]

1. e4 e6 2. d4 d5 3. e5 c5 4. c3 Nc6 5. Nf3 Qb6 6. Bd3 cxd4 7. O-O Bd7 8. Re1 Nge7 9. h4 Rc8 10. a3 a6 11. b4 dxc3 12. Nxc3 Nd4 13. Bb2 Nxf3+ 14. Qxf3 Qd8 (14... Qd4 $2 15. Nb5 $18) 15. h5 g6 16. Qf4 Rg8 17. Rad1 (17. Re3 $15) 17... gxh5 $17 18. Bxh7 Rg4 19. Qf3 Rcc4 20. Ne2 Rg7 (20... Ng6 $1 $17 {[%cal Rg6h4] And now ...Nh4 would win.} 21. Bxg6 fxg6) 21. Bd3 $15 Rcg4 22. Nf4 Qb6 (22... Ba4 $1 $17 23. Rb1 R7g5) 23. Bf1 $11 R7g5 24. Bd4 Qc7 25. Nxh5 $1 Ng8 (25... Bg7 $1 $11 {keeps the balance.}) 26. Be3 $1 $16 Rg6 ({Better is} 26... Qc3) 27. Nf4 Rg7 28. Bd4 (28. g3 $16) 28... Be7 29. g3 R4g5 $2 (29... Bc6 $16) 30. Rc1 Bc6 31. Bd3 Nh6 (31... Rg4 32. Ne2 Nh6) 32. Nh5 (32. Qh1 $18) 32... Rg8 $16 33. Be3 (33. Bh7 $1 $16) 33... Ng4 (33... Qxe5 $1 $11 34. Bxg5 Qxg5) 34. Bxg5 $16 Rxg5 35. Nf6+ Nxf6 (35... Bxf6 $16 36. exf6 Qb6) 36. exf6 $18 Bd6 (36... Bd8 $142 37. a4 Qd6) 37. Kg2 $1 $18 Qb6 (37... Kd8 $142 38. Rh1 Rg8) 38. Rh1 $18 Qd4 {[%emt 0:00:20] [#]} 39. Bxa6 (39. Rh8+ $142 $1 Kd7 40. Rh7) 39... Qb2 $18 40. Be2 Rf5 41. Qg4 Qxf6 42. Bf3 Kd7 (42... Rg5 $16 43. Qh4 Ke7) 43. Rh5 $18 Rxh5 44. Qxh5 Be5 45. Rc2 Ba4 46. Re2 Bd6 (46... Bd4 $16 47. Qh4 Qxh4 48. gxh4 Bg7) 47. Re3 Bc2 (47... Qg7 $142 48. Re1 Bb3) 48. Re2 Ba4 $1 49. Qh4 Qg7 50. Rd2 Be5 (50... Bb3 $142 51. Be2 Kc7) 51. Qc4 $18 Qg5 52. Qd3 (52. Rd3 $142 Bd6 53. Qd4) 52... Bf4 $2 (52... Bb3 {keeps fighting.} 53. Qb5+ Kd8) 53. Re2 $18 Bd6 54. Qd4 Bb5 55. Rc2 Ba4 {[%emt 0:00:37] [#]} 56. Re2 (56. Ra2 $142 $1) 56... Bb5 $1 $18 57. Re1 Bc7 58. Be2 Bxe2 59. Rxe2 f5 60. Qd3 f4 61. Qh7+ Kc8 (61... Qe7 $142 62. Qxe7+ Kxe7) 62. Rc2 Qe5 1-0

[Event "13th Palmanova Festival A 2024"]
[Site "Palmanova"]
[Date "2025.01.02"]
[Round "8.11"]
[White "Gkoumas, Georgios"]
[Black "Casadio, Niccolo`"]
[Result "1-0"]
[ECO "B88"]
[WhiteElo "2449"]
[BlackElo "2275"]
[Annotator "TA"]
[PlyCount "59"]
[EventDate "2024.12.27"]
[EventCountry "ITA"]
[SourceTitle "playchess.com"]
[Source "ChessBase"]
[SourceQuality "1"]
[TimeControl "6000+30"]

1. e4 c5 2. Nf3 d6 3. d4 cxd4 4. Nxd4 Nf6 5. Nc3 a6 6. Bc4 e6 7. a4 Nc6 8. O-O Be7 9. Be3 Bd7 10. h3 O-O 11. f4 $1 Rc8 12. Bd3 Qb6 13. a5 Qc7 14. Nxc6 Bxc6 15. Qe2 Nd7 16. Na4 Bf6 17. Nb6 Rcd8 (17... Bxb2 $11 18. Nxc8 Rxc8) 18. c3 e5 (18... Nc5 $11 {keeps the balance.}) 19. f5 $16 {[%emt 0:01:58] White is much more active.} Qb8 20. Nxd7 Rxd7 21. c4 Bd8 (21... Rc7 $16 22. b4 Bd7) 22. b4 $18 {[%emt 0:01:58][%cal Bb2b4,Bb4b5][%mdl 32] Hoping for b5.} b5 $2 (22... Rc7 {might work better.} 23. b5 Be8) 23. axb6 Bxb6 24. Rxa6 Bxe3+ 25. Qxe3 Rc8 26. f6 gxf6 27. b5 Bb7 {[%emt 0:00:06] [#]} 28. Qh6 $1 {[%emt 0:00:36][%cal Of1f3] White wants to mate with Rf3!.} f5 (28... Kh8 29. Qxf6+) 29. Rxf5 f6 {[%emt 0:00:08] Dodges Rg5+} 30. Qxf6 1-0

[Event "13th Palmanova Festival A 2024"]
[Site "Palmanova"]
[Date "2025.01.02"]
[Round "8.12"]
[White "Shefer, Uri"]
[Black "Marn, Jan"]
[Result "0-1"]
[ECO "D90"]
[WhiteElo "2210"]
[BlackElo "2400"]
[Annotator "TA"]
[PlyCount "118"]
[EventDate "2024.12.27"]
[EventCountry "ITA"]
[SourceTitle "playchess.com"]
[Source "ChessBase"]
[SourceQuality "1"]
[TimeControl "6000+30"]

1. d4 Nf6 2. c4 g6 3. Nc3 d5 4. Nf3 Bg7 5. h4 dxc4 6. e4 c5 7. d5 b5 8. h5 Nxh5 (8... O-O $5) 9. Nxb5 (9. e5 Bg4 10. Rh4 (10. Nxb5 Nd7 $17) 10... Bxf3 11. Qxf3 Nd7 $17) 9... Qa5+ 10. Nc3 $1 Nd7 11. Bd2 (11. Bxc4 $2 Bxc3+ 12. Kf1 Ba6 $19) 11... Rb8 12. Qc2 Ba6 13. Be2 (13. Rc1 $11) 13... Nf4 $1 $17 14. Bxf4 Rxb2 $1 15. Qxb2 Bxc3+ (15... Qxc3+ $6 16. Qxc3 Bxc3+ 17. Nd2 Bxa1 18. Rh3 $11) 16. Bd2 Bxb2 17. Bxa5 Bxa1 18. O-O Bg7 19. Rc1 O-O 20. Nd2 Rb8 21. Bxc4 Bxc4 22. Nxc4 Bd4 23. Kf1 f6 24. Bc3 Bxc3 25. Rxc3 Rb1+ 26. Ke2 Nb6 27. Ke3 Kf7 28. Nxb6 (28. Nd2 $15 Re1+ 29. Kd3) 28... axb6 $17 29. a4 h5 30. a5 bxa5 31. Rxc5 a4 32. Ra5 Rb3+ (32... Ra1 $142 {...h4 is the strong threat.} 33. Ra7 a3) 33. Ke2 (33. Kd4 $142) 33... a3 $17 34. Ra7 Ke8 $1 35. f4 Rb2+ 36. Kf3 {[%emt 0:00:23] [#]} a2 $1 37. e5 fxe5 38. fxe5 Rd2 (38... g5 $142 39. g3 Kd8) 39. d6 $17 exd6 40. exd6 Kd8 41. Kf4 $2 (41. Kg3 $17 {nothing else works.}) 41... Rxg2 $19 42. Ke5 h4 43. Ra8+ Kd7 44. Ra7+ Kc6 45. d7 {[%emt 0:00:00] [#]} a1=Q+ $1 46. Rxa1 Kxd7 47. Kd5 Rg5+ 48. Ke4 Ke6 49. Ra6+ Kf7 50. Kf4 Rg3 51. Ra1 Kf6 52. Ra6+ Kg7 53. Ra8 Rg1 (53... g5+ $142 54. Kf5 h3 55. Ra7+ Kh6 56. Re7 h2 57. Re8 Rg2 (57... h1=B 58. Rh8+ Kg7 59. Rxh1 $11) (57... Rf3+ $2 58. Kg4 $19) 58. Rh8+ Kg7 59. Rh3 g4 60. Rh5 g3 61. Kg4 Rg1 62. Rh4 h1=Q (62... h1=R {leads to mate.} 63. Rxh1 Rxh1 64. Kxg3 Rf1 65. Kg2 Rf6 66. Kh1 Kh6 67. Kg2 Kh5 68. Kg3 Rf8 69. Kh2 Kh4 70. Kg2 Kg4 71. Kh1 Kh3 72. Kg1 Kg3 73. Kh1 Rf1#) 63. Rxh1 Rxh1 64. Kxg3 Rf1 65. Kh2 Kg6 66. Kg3 Rf6 67. Kh3 Kh5 68. Kg3 Rf8 69. Kh2 Kh4 70. Kg2 Kg4 71. Kh1 Kh3 72. Kg1 Kg3 73. Kh1 Rf1#) 54. Rb8 h3 55. Rb2 g5+ 56. Kf5 g4 57. Kg5 g3 58. Rb7+ Kf8 59. Kf6 Rf1+ 0-1

[Event "13th Palmanova Festival A 2024"]
[Site "Palmanova"]
[Date "2025.01.02"]
[Round "8.13"]
[White "Aarav A"]
[Black "Skawinski, Arkadiusz"]
[Result "0-1"]
[ECO "A07"]
[WhiteElo "2186"]
[BlackElo "2330"]
[Annotator "TA"]
[PlyCount "68"]
[EventDate "2024.12.27"]
[EventCountry "ITA"]
[SourceTitle "playchess.com"]
[Source "ChessBase"]
[SourceQuality "1"]
[TimeControl "6000+30"]

1. Nf3 d5 2. g3 Nf6 3. Bg2 e6 4. O-O Be7 5. d3 O-O 6. Bf4 b6 7. c4 Bb7 8. Nc3 c5 9. e4 d4 10. Nb1 Nc6 11. e5 Nd7 12. h4 f5 (12... Qc8 $15) 13. exf6 $14 Bxf6 14. Ng5 Bxg5 15. Bxg5 Qc7 16. Qe2 Nce5 17. Bf4 $2 (17. Bxb7 $1 $11 {and White stays safe.} Qxb7 18. f4) 17... Bxg2 $19 18. Kxg2 {[%emt 0:00:05] [#]} Qc6+ (18... Rxf4 $1 $19 19. gxf4 Ng6 20. Qxe6+ Kh8) 19. Kh3 Nf3 {[%emt 0:06:30] Black is much more active. The white rooks are passive. A dynamic duo of knights.} 20. Nd2 Nxd2 21. Bxd2 {[%emt 0:00:06] [#]} Rf3 $1 22. Rae1 e5 23. Qe4 Qe6+ 24. Kg2 Raf8 25. b4 (25. Bc1 $17) 25... Qf5 26. Qxf5 R8xf5 27. bxc5 bxc5 (27... Nxc5 28. Bf4 Rxd3 (28... exf4 $2 29. Kxf3 fxg3+ 30. Kxg3 $18) 29. Bxe5 $17) 28. Rb1 (28. Ba5 {might work better.}) 28... Rxd3 29. Rb7 Rxd2 30. Rxd7 e4 {[%emt 0:00:04] Hoping for ...e3.} ({But not} 30... Rxa2 31. Rd5 $19) 31. Kh3 $2 (31. Kg1) 31... Rfxf2 32. Rh1 h5 {[%emt 0:01:52] ( -> ...e3)} 33. Rd5 e3 34. Rxh5 e2 0-1